 Dungeon Crawl Stone Soup version 0.23-a0-143-g1adec7b (webtiles) character file.

98 Amnesiac the Chiller (level 4, -7/30 HPs)
             Began as a Mummy Ice Elementalist on Sept 3, 2018.
             Mangled by an iguana (10 damage)
             ... on level 4 of the Dungeon on Sept 4, 2018.
             The game lasted 00:02:25 (985 turns).

Amnesiac the Chiller (Mummy Ice Elementalist)        Turns: 985, Time: 00:02:26

Health: -7/30      AC:  5    Str: 11    XL:     4   Next: 44%
Magic:  1/9        EV: 10    Int: 15    God:
Gold:   57         SH:  0    Dex: 12    Spells: 9/10 levels left

rFire    . . .     SeeInvis .   g - +2 short sword (venom)
rCold    + . .     Gourm    .   (no shield)
rNeg     + + +     Faith    .   e - +0 ring mail {rF+}
rPois    ∞         Spirit   .   (no helmet)
rElec    .         Reflect  .   (no cloak)
rCorr    .         Harm     .   (no gloves)
MR       .....                  (no boots)
Stlth    +.........             (no amulet)
HPRegen  0.10/turn              (no ring)
MPRegen  0.11/turn              (no ring)

@: very slightly contaminated
A: no food or potions, fire vulnerability, cold resistance 1, negative energy
resistance 3, torment resistance, unbreathing
a: no special abilities


You were on level 4 of the Dungeon.
You were not hungry.

You visited 1 branch of the dungeon, and saw 4 of its levels.

You collected 57 gold pieces.

Inventory:

Hand Weapons
 b - a +1 spear of piercing
 f - a +0 short sword of flaming
 g - a +2 short sword of venom (weapon)
 h - a +0 blowgun
Missiles
 i - 5 poisoned needles
Armour
 a - a +0 robe
 c - a +1 cloak
 e - a +0 ring mail of fire resistance (worn)
Scrolls
 d - 2 scrolls of identify {!r, unknown}


   Skills:
 - Level 1.5 Dodging
 - Level 1.5 Stealth
 + Level 3.9 Spellcasting
   Level 0.7 Conjurations
 * Level 3.9 Ice Magic


You had 9 spell levels left.
You knew the following spells:

 Your Spells              Type           Power        Failure   Level  Hunger
a - Freeze                Ice            ##..         9%          1    N/A

Your spell library contained the following spells:

 Spells                   Type           Power        Failure   Level  Hunger
 Throw Frost              Conj/Ice       #.....       26%         2    N/A
 Ozocubu's Armour         Chrm/Ice       #.......     52%         3    N/A
 Throw Icicle             Conj/Ice       #.......     86%         4    N/A
 Summon Ice Beast         Ice/Summ       #.......     89%         4    N/A

Dungeon Overview and Level Annotations

Branches:
Dungeon (4/15)
 Temple: D:4-7

Altars:
Elyvilon
Fedhas

Annotations:
D:4 exclusion: door


Innate Abilities, Weirdness & Mutations

You do not eat or drink.
Your flesh is vulnerable to fire.
You are immune to poison.
Your flesh is cold resistant. (rC+)
You are immune to negative energy. (rN+++)
You are immune to unholy pain and torment.
You can survive without breathing.


Message History

You kill the scorpion!
You have reached level 4!
Really walk into a travel-excluded area?
You see here a black potion {!q}.
The iguana hisses angrily.
Casting: Freeze (safe; 9% risk of failure)
Confirm with . or Enter, or press ? or * to list all spells.
Aiming: Freeze (safe; 9% risk of failure)
Press: ? - help, Shift-Dir - straight line, f - iguana
Aim: an iguana You miscast Freeze.
You are very lightly contaminated with residual magic.
Nothing appears to happen.
The iguana bites you!
Casting: Freeze (safe; 9% risk of failure)
Confirm with . or Enter, or press ? or * to list all spells.
Aiming: Freeze (safe; 9% risk of failure)
Press: ? - help, Shift-Dir - straight line, f/p - iguana
Aim: an iguana You freeze the iguana.
The iguana is lightly wounded.
The iguana bites you!
* * * LOW HITPOINT WARNING * * *
Casting: Freeze (safe; 9% risk of failure)
Confirm with . or Enter, or press ? or * to list all spells.
Aiming: Freeze (safe; 9% risk of failure)
Press: ? - help, Shift-Dir - straight line, f/p - iguana
Aim: an iguana (lightly wounded)
You freeze the iguana.
The iguana is moderately wounded.
The iguana misses you.
Casting: Freeze (safe; 9% risk of failure)
Confirm with . or Enter, or press ? or * to list all spells.
Aiming: Freeze (safe; 9% risk of failure)
Press: ? - help, Shift-Dir - straight line, f/p - iguana
Aim: an iguana (moderately wounded)
You miscast Freeze.
Nothing appears to happen.
The iguana barely misses you.
Unknown command.
Casting: Freeze (safe; 9% risk of failure)
Confirm with . or Enter, or press ? or * to list all spells.
Aiming: Freeze (safe; 9% risk of failure)
Press: ? - help, Shift-Dir - straight line, f/p - iguana
Aim: an iguana (moderately wounded)
You freeze the iguana.
The iguana seems to slow down.
The iguana is heavily wounded.
The iguana bites you!
* * * LOW HITPOINT WARNING * * *
Unknown command.
Casting: Freeze (safe; 9% risk of failure)
Confirm with . or Enter, or press ? or * to list all spells.
Aiming: Freeze (safe; 9% risk of failure)
Press: ? - help, Shift-Dir - straight line, f/p - iguana
Aim: an iguana (heavily wounded, slow)
You freeze the iguana.
The iguana is severely wounded.
Unknown command.
Casting: Freeze (safe; 9% risk of failure)
Confirm with . or Enter, or press ? or * to list all spells.
Aiming: Freeze (safe; 9% risk of failure)
Press: ? - help, Shift-Dir - straight line, f/p - iguana
Aim: an iguana (severely wounded, slow)
You freeze the iguana.
The iguana seems to slow down.
The iguana is severely wounded.
The iguana bites you!
You die...

..........#.# #
...<......#.####.#
..........#).....#
....[......####.)#
.....####.....#..# .....#
#...#.#..# .....#
#...#.#..### .....#
#.#.#.#.l#..
#.#######.#.#.#.@#.#
#.#.......#...#..#.#
#.#.......#<..#!.#.#
.........>##..#..#.######
..##.##.......#.........+
..#...#...###....##.#####
..#.P.#...+......#......#
..#...#...####.#.#..###.#
.!##.##........#.#....))#


You could see an iguana.

Vanquished Creatures
  A scorpion (D:4)
  A hound (D:4)
  A leopard gecko (D:1)
  2 orcs (D:4)
  A ball python (D:4)
  2 giant cockroaches (D:4)
  A goblin (D:1)
  6 kobolds (D:4)
  A frilled lizard (D:3)
  2 rats
18 creatures vanquished.

Vanquished Creatures (others)
  8 toadstools (D:4)
8 creatures vanquished.

Grand Total: 26 creatures vanquished

Notes
Turn   | Place    | Note
-------+----------+-------------------------------------------
     0 | D:1      | Amnesiac the Mummy Ice Elementalist began the quest for the
                  | Orb.
     0 | D:1      | Reached XP level 1. HP: 13/13 MP: 4/4
   190 | D:2      | You fall through a shaft for 2 floors!
   428 | D:4      | Noticed an iguana
   446 | D:4      | Noticed a scorpion
   481 | D:4      | Found a white marble altar of Elyvilon.
   483 | D:4      | Reached XP level 2. HP: 16/19 MP: 2/5
   583 | D:4      | Reached XP level 3. HP: 24/24 MP: 0/7
   688 | D:3      | Found a blossoming altar of Fedhas.
   969 | D:4      | Killed a scorpion
   969 | D:4      | Reached XP level 4. HP: 30/30 MP: 7/9
   985 | D:4      | Mangled by an iguana

Vault maps used:
D:1:      zelgadis_glass_arrival_small, serial_curves, eino_curves_01,
          eino_curves_02, eino_curves_03, grunt_decor_arrowhead
D:2:      grunt_ministairs_1, minmay_small_reverse_x, uniq_sigmund
D:3:      marbit_many_paths, lemuel_crystal_altar, gammafunk_ghost_arena
D:4:      cheibrodos_fertilizer, first_ration, elyvilon_altar_1, uniq_robin

Skill      XL: |  1  2 |
---------------+-------+-----
Spellcasting   | 3 |  3.9
Ice Magic      | 3 |  3.9
Dodging        | |  1.5
Stealth        | |  1.5
Conjurations   | |  0.7

Action                   |  1- 3 |  4- 6 || total
-------------------------+-------+-------++-------
Melee: Spear             |     3 |       ||     3
       Short sword       |     2 |       ||     2
 Cast: Freeze            |    30 |     5 ||    35
  Use: Scroll            |     2 |       ||     2
Armor: Ring mail         |     4 |       ||     4
Dodge: Dodged            |    16 |     2 ||    18

Table legend:
 A = Non-vault XP
 B = Vault XP
 C = Vault XP percentage of total XP
 D = Non-vault monster count
 E = Vault monster count
 F = Vault count percentage of total count
                 A         B        C        D         E       F
            +---------+---------+-------+---------+---------+-------
      Total |     131 |      10 |   7.1 |      12 |       6 |  33.3
            +---------+---------+-------+---------+---------+-------
        D:1 |       6 |       0 |   0.0 |       3 |       0 |   0.0
        D:3 |       2 |       0 |   0.0 |       2 |       0 |   0.0
        D:4 |     123 |      10 |   7.5 |       7 |       6 |  46.2
            +---------+---------+-------+---------+---------+-------
